 Dungeon Crawl Stone Soup version 0.29-a0-330-g52719c12eb (webtiles) character file.

Game seed: 6566626697002069897

42 kae the Firebug (level 3, 0/26 HPs)
             Began as a Demigod Fire Elementalist on May 1, 2022.
             Slain by a giant cockroach (1 damage)
             ... on level 2 of the Dungeon.
             The game lasted 00:01:25 (2212 turns).

kae the Firebug (Demigod Fire Elementalist)         Turns: 2212, Time: 00:01:25

Health: 0/26       AC:  2    Str:  9    XL:     3   Next: 17%
Magic:  1/8        EV: 12    Int: 21    God:
Gold:   69         SH:  3    Dex: 14    Spells: 3/6 levels left

rFire   . . .      SeeInvis .   f - +0 short sword
rCold   . . .      Faith    .   g - +0 buckler
rNeg    . . .      Spirit   .   a - +0 robe
rPois   .          Reflect  .   (no helmet)
rElec   .          Harm     .   (no cloak)
rCorr   .          Rampage  .   (no gloves)
Will    .....                   (no boots)
Stlth   ++........              (no amulet)
HPRegen 0.08/turn               (no ring)
MPRegen 0.11/turn               (no ring)

@: no status effects
A: high MP 1, forlorn, divine attributes
a: no special abilities


You were on level 2 of the Dungeon.
You visited 1 branch of the dungeon, and saw 2 of its levels.

You collected 69 gold pieces.

Inventory:

Hand Weapons
 f - a +0 short sword (weapon)
Armour
 a - a +0 robe (worn)
 g - a +0 buckler (worn)
Jewellery
 e - an amulet of the acrobat
Scrolls
 h - a scroll of identify
Potions
 b - a potion of degeneration {unknown}
 c - a potion of heal wounds {unknown}
 d - a potion of flight


   Skills:
 + Level 2.2 Dodging
 - Level 2.1 Stealth
 + Level 0.3 Shields
 + Level 2.1 Spellcasting
 + Level 1.4 Conjurations
 + Level 3.0 Fire Magic


You had 3 spell levels left.
You knew the following spells:

 Your Spells              Type           Power      Damage    Failure   Level
a - Foxfire               Conj/Fire      44%        2x1d6     8%          1
b - Scorch                Fire           28%        2d6       9%          2

Your spell library contained the following spells:

 Spells                   Type           Power      Damage    Failure   Level
 Conjure Flame            Conj/Fire      11%        6-21      24%         3
 Inner Flame              Hex/Fire       8%         N/A       32%         3
 Flame Wave               Conj/Fire      11%        2d5       61%         4
 Summon Forest            Summ/Tloc      1%         N/A       99%         5
 Summon Mana Viper        Hex/Summ       2%         N/A       99%         5
 Summon Cactus Giant      Summ           1%         N/A       100%        6
 Chain Lightning          Conj/Air       2%         3d3       100%        9
 Fire Storm               Conj/Fire      5%         8d2       100%        9
 Shatter                  Erth           1%         3d5*      100%        9


Dungeon Overview and Level Annotations

Branches:
Dungeon (2/15)


Innate Abilities, Weirdness & Mutations

You have an increased reservoir of magic. (+10% MP)
You shall have no god before yourself.
Your divine heritage dramatically boosts your attributes as you level up.


Message History

The endoplasm freezes you.
You are frozen.
* * * LOW HITPOINT WARNING * * *
The foxfire hits the hobgoblin.
The hobgoblin is heavily wounded.
The foxfire hits the hobgoblin.
The hobgoblin is almost dead.
The giant cockroach misses you. The endoplasm freezes you.
You are frozen.
* * * LOW HITPOINT WARNING * * *
The hobgoblin hits you.
* * * LOW HITPOINT WARNING * * *
Casting: Foxfire (safe; 8% risk of failure)
Confirm with . or Enter, or press ? or * to list all spells.
You conjure some foxfire!
The giant cockroach bites you.
* * * LOW HITPOINT WARNING * * *
The endoplasm freezes you.
You are frozen.
* * * LOW HITPOINT WARNING * * *
The hobgoblin hits you.
* * * LOW HITPOINT WARNING * * *
The foxfire hits the hobgoblin.
You kill the hobgoblin!
The giant cockroach bites you but does no damage.
The endoplasm barely misses you.
Casting: Foxfire (safe; 8% risk of failure)
Confirm with . or Enter, or press ? or * to list all spells.
You conjure some foxfire!
The giant cockroach completely misses you.
The endoplasm freezes you.
You are frozen.
* * * LOW HITPOINT WARNING * * *
The rat misses you. You block the giant cockroach's attack.
The foxfire hits the endoplasm.
The endoplasm is almost dead.
The foxfire hits the endoplasm.
You kill the endoplasm!
The giant cockroach bites you.
You die...

.......#######
.............
............###
...........>...
...............
............#
.....$Br)...# ##@v.#
. #.#####§§.#### .#
#.†..........### .#
..######.###...####.#
#.# ###.#... #.#
#.#.# #.# #...### #..
##....# ##. #.##.#


You could see a giant cockroach and a rat (ally target).

Vanquished Creatures
  A dart slug (D:1)
  8 endoplasms
  A goblin (D:1)
  4 hobgoblins
  4 jackals (D:1)
  2 quokkas
  3 ball pythons
  3 bats
  5 frilled lizards
  5 kobolds
  2 rats (D:1)
38 creatures vanquished.

Vanquished Creatures (others)
  129 foxfires
129 creatures vanquished.

Grand Total: 167 creatures vanquished

Notes
Turn   | Place    | Note
-------+----------+-------------------------------------------
     0 | D:1      | kae the Demigod Fire Elementalist began the quest for the
                  | Orb.
     0 | D:1      | Reached XP level 1. HP: 14/14 MP: 5/5
    31 | D:1      | Reached skill level 1 in Conjurations
   452 | D:1      | Reached XP level 2. HP: 20/20 MP: 5/7
   459 | D:1      | Learned a level 2 spell: Scorch
  2032 | D:2      | Reached skill level 3 in Fire Magic
  2032 | D:2      | Reached XP level 3. HP: 26/26 MP: 4/8
  2211 | D:2      | HP: 1/26 [frozen (1)]
  2212 | D:2      | Slain by a giant cockroach

Illustrated notes

Levels and vault maps discovered:
D:1:      shiori_arrival_maze, layout_basic,
          hellmonk_ecumenical_altar_dog_temple, corexii_corridor_pit, hex_large,
          chequers_arboretum, minmay_pentomino_u4
D:2:      layout_rooms, serial_shops,
          nicolae_shop_temple_entry_statues_fountains, shop,
          nicolae_shop_statue_plus, shop, shop, basic_altar

Skill      XL: |  1  2 |
---------------+-------+-----
Conjurations   | 1 |  1.4
Stealth        | 2 |  2.1
Dodging        | 2 |  2.2
Spellcasting   | 2 |  2.1
Fire Magic     | 3 |  3.0
Shields        | |  0.3

Action                   || total
-------------------------++-------
Melee: Unarmed           ||    17
       Short sword       ||     7
       Punch             ||     1
 Cast: Foxfire           ||    78
       Scorch            ||     2
  Use: Potion            ||     1
       Scroll            ||     3
Armor: Robe              ||     6
Dodge: Dodged            ||    47
Block: Buckler           ||     3

Table legend: (Time is in decaauts)
 A = Elapsed time spent in this place.
 B = Non-inter-level travel time spent in this place.
 C = Inter-level travel time spent in this place.
 D = Time resting spent in this place.
 E = Time spent auto-exploring this place.
 F = Levels seen in this place.
 G = Mean time per level.
                   A        B        C        D        E       F      G
               +--------+--------+--------+--------+--------+-----+--------+
         Total |   2212 |   2169 |     43 |      0 |   1907 |   2 | 1106.0 |
       Dungeon |   2212 |   2169 |     43 |      0 |   1907 |   2 | 1106.0 |
               +--------+--------+--------+--------+--------+-----+--------+

Top non-repeatable levels by time:
     D:1: 2016 daAuts
     D:2: 195 daAuts
